 Dungeon Crawl Stone Soup version 0.29.0-4-gdea44cf6ec (webtiles) character file.

Game seed: 4016088862694026098

1561 qw the Grappler (level 8, -13/78 HPs)
             Began as a Troll Cinder Acolyte on Sept 3, 2022.
             Was a High Priest of Ignis.
             Mangled by a two-headed ogre
             ... wielding a +0 giant club
              (25 damage)
             ... on level 6 of the Dungeon.
             The game lasted 00:02:06 (4634 turns).

qw the Grappler (Troll Cinder Acolyte)              Turns: 4634, Time: 00:02:07

Health: -13/78     AC: 11    Str: 23 (25) XL:     8   Next: 58%
Magic:  8/8        EV:  9    Int:  9 (10) God:    Ignis [*****.]
Gold:   265        SH:  0    Dex:  2 (5)  Spells: 9/9 levels left

rFire   + . .      SeeInvis .     - Unarmed
rCold   . . .      Faith    .   (no shield)
rNeg    . . .      Spirit   .   a - +0 robe
rPois   .          Reflect  .   (helmet restricted)
rElec   .          Harm     .   (no cloak)
rCorr   .          Rampage  .   (gloves unavailable)
Will    .....                   (boots unavailable)
Stlth   +.........              (no amulet)
HPRegen 1.03/turn               l - +4 ring of slaying {mikee}
MPRegen 0.11/turn               (no ring)

@: fiery-armoured
A: large, unfitting armour, claws 3, regeneration 1, shaggy fur 1, tough skin 1
a: Renounce Religion, Fiery Armour, Foxfire Swarm, Rising Flame


You were on level 6 of the Dungeon.
You worshipped Ignis.
Ignis was extremely pleased with you.
You visited 1 branch of the dungeon, and saw 6 of its levels.

You collected 265 gold pieces.


Innate Abilities, Weirdness & Mutations

You are too large for most types of armour.
You have claws for hands.
Your natural rate of healing is unusually fast.
You are covered in fur. (AC +1)
You have tough skin. (AC +1)


   Skills:
 - Level 4.0 Fighting
 - Level 2.0 Throwing
 - Level 1.2 Dodging
 + Level 10.1 Unarmed Combat
 - Level 1.0 Spellcasting
 - Level 2.1 Fire Magic


You had 9 spell levels left.
You didn't know any spells.
Your spell library contained the following spells:

 Spells                   Type           Power      Damage    Failure   Level
 Scorch                   Fire           8%         2d5       22%         2

Inventory:

Armour
 a - a +0 robe (worn)
Jewellery
 b - a +6 ring of intelligence
 l - a +4 ring of slaying (left claw) {mikee}
Wands
 n - a wand of digging (5)
Scrolls
 d - 2 scrolls of enchant armour
 f - a scroll of identify
Potions
 c - 3 potions of cancellation
 e - a potion of mutation
 g - a potion of berserk rage {unknown}
 i - 3 potions of curing
 j - a potion of haste

Dungeon Overview and Level Annotations

Branches:
Dungeon (6/15)             Temple (0/1) D:6

Altars:
Ashenzari
Makhleb
Xom
Zin

Annotations:
D:4 2 transporters


Message History

You open the door.
There is an open door here.
A scorpion comes into view.
Enter note: Throw: javelin
Press: ? - help, Q - select action Shift-Dir - straight line, f - scorpion You throw a javelin.
The javelin pierces through the scorpion!
The scorpion is heavily wounded.
The scorpion stings you but does no damage.
You closely miss the scorpion.
The scorpion is heavily wounded.
You claw the scorpion!
You kill the scorpion!
You see here a scorpion corpse.
h - a javelin A two-headed ogre comes into view.
It is wielding two +0 giant clubs.
4625 ||| Stepping ~*~*~tactically~*~*~ (stealth).
A two-headed ogre is nearby!
4627 ||| Stepping ~*~*~tactically~*~*~ (stealth).
Throw: javelin
Press: ? - help, Q - select action Shift-Dir - straight line, f - two-headed ogre You throw a javelin.
The two-headed ogre shouts in stereo!
The javelin pierces through the two-headed ogre!
The two-headed ogre is lightly wounded.
You barely miss the two-headed ogre.
The two-headed ogre is lightly wounded.
The two-headed ogre hits you with a +0 giant club!
The two-headed ogre hits you with a +0 giant club!!
You scratch the two-headed ogre.
The two-headed ogre is lightly wounded.
The two-headed ogre hits you with a +0 giant club!!
The two-headed ogre hits you with a +0 giant club.
4633 ||| INVOKING Fiery Armour.
A protective cloak of flame settles atop you.
You claw the two-headed ogre!
The two-headed ogre is heavily wounded.
The two-headed ogre hits you with a +0 giant club!!
You die...

..# ..# ........# ..#
..........# ..#
..........# ###
.........#
..########.......#
.........#.......#
.........#.......#
..####'###......@#
..#......%......O#
..#..............#
..#..................
..#.................O.
..#.......###+###......
+##.......# ......
...######## .(.... ...#
......


You could see a two-headed ogre.

Vanquished Creatures
  Grinder (D:4)
  Sigmund (D:5)
  An ogre (D:3)
  A phantom (D:4)
  3 scorpions
  A bullfrog (D:6)
  2 necrophages (D:5)
  A crimson imp (D:5)
  3 hounds
  2 jellies
  2 orc priests (D:5)
  Natasha (D:2)
  5 iguanas
  Ijyb (D:4)
  2 orc wizards (D:5)
  Robin (D:2)
  9 adders
  3 gnolls (D:2)
  2 ufetubi
  3 worms (D:3)
  2 dart slugs (D:1)
  6 orcs (D:5)
  4 ball pythons
  3 bats
  8 endoplasms
  4 giant cockroaches
  17 goblins
  9 hobgoblins
  3 jackals
  5 kobolds
  2 quokkas (D:4)
  6 frilled lizards
  9 rats
123 creatures vanquished.

Vanquished Creatures (others)
  3 fungi (D:2)
  7 plants (D:1)
10 creatures vanquished.

Grand Total: 133 creatures vanquished

Notes
Turn   | Place    | Note
-------+----------+-------------------------------------------
     0 | D:1      | qw the Troll Cinder Acolyte began the quest for the Orb.
     0 | D:1      | Reached XP level 1. HP: 22/22 MP: 1/1
     0 | D:1      | 0 ||| qw: Version: 0.1-a-102-g441f92d
     0 | D:1      | 0 ||| qw: Game counter: 5122
     0 | D:1      | 0 ||| qw: Always use a shield: true
     0 | D:1      | 0 ||| qw: God list: Okawaru
     0 | D:1      | 0 ||| qw: Allow faded altars: false
     0 | D:1      | 0 ||| qw: Do Orc after D:15 true
     0 | D:1      | 0 ||| qw: Do second Lair branch before Depths: true
     0 | D:1      | 0 ||| qw: Lair rune preference: random
     0 | D:1      | 0 ||| qw: Plans: Normal
     0 | D:1      | 0 ||| PLANNING D:1-11
    99 | D:1      | Reached XP level 2. HP: 29/29 MP: 2/2
   288 | D:1      | 288 ||| Stepping ~*~*~tactically~*~*~ (hiding).
   294 | D:1      | Reached skill level 4 in Unarmed Combat
   588 | D:1      | 588 ||| Stepping ~*~*~tactically~*~*~ (stealth).
   589 | D:1      | 589 ||| Stepping ~*~*~tactically~*~*~ (stealth).
   883 | D:1      | 883 ||| DROPPING ring of magical power.
   884 | D:1      | 884 ||| READING scroll labelled VOKKATZ YSEOLA.
   885 | D:1      | 885 ||| READING scroll labelled DOFIOM VEISEOC.
   886 | D:1      | 886 ||| READING scroll labelled MIANUEMACO.
   889 | D:1      | 889 ||| READING scroll labelled DUKHAE TYSIGI.
   890 | D:1      | 890 ||| DRINKING 2 amethyst potions.
   934 | D:2      | Reached XP level 3. HP: 36/36 MP: 3/3
   938 | D:2      | Reached skill level 1 in Throwing
   938 | D:2      | 938 ||| Stepping ~*~*~tactically~*~*~ (outnumbered).
  1090 | D:2      | 1090 ||| Stepping ~*~*~tactically~*~*~ (stealth).
  1091 | D:2      | 1091 ||| Stepping ~*~*~tactically~*~*~ (stealth).
  1573 | D:2      | 1573 ||| READING scroll labelled BUQEHY LONT.
  1574 | D:2      | 1574 ||| READING scroll labelled MEATAEVESE.
  1575 | D:2      | 1575 ||| READING scroll labelled GUYPPE OBBIRPH.
  1621 | D:3      | Noticed Natasha
  1622 | D:3      | 1622 ||| STAIRDANCE
  1624 | D:2      | Killed Natasha
  1625 | D:2      | Reached XP level 4. HP: 44/44 MP: 4/4
  1628 | D:3      | 1628 ||| STAIRDANCE
  1644 | D:3      | 1644 ||| Stepping ~*~*~tactically~*~*~ (stealth).
  1670 | D:3      | 1670 ||| Stepping ~*~*~tactically~*~*~ (stealth).
  1682 | D:3      | Reached skill level 5 in Unarmed Combat
  1716 | D:3      | Found a faded altar of an unknown god.
  1786 | D:3      | 1786 ||| Stepping ~*~*~tactically~*~*~ (outnumbered).
  1787 | D:3      | 1787 ||| Stepping ~*~*~tactically~*~*~ (outnumbered).
  1788 | D:3      | 1788 ||| Stepping ~*~*~tactically~*~*~ (outnumbered).
  1804 | D:3      | Noticed an ogre
  1809 | D:3      | Killed an ogre
  1810 | D:3      | Reached skill level 6 in Unarmed Combat
  1810 | D:3      | Reached XP level 5. HP: 33/50 MP: 5/5
  1953 | D:3      | Found a broken altar of Ashenzari.
  2371 | D:3      | 2371 ||| READING 2 scrolls labelled TORHIH YJOF.
  2372 | D:3      | 2372 ||| READING scroll labelled WODICO KIAKIACS.
  2473 | D:3      | 2473 ||| DRINKING 2 sapphire potions.
  2474 | D:3      | 2474 ||| DROPPING scroll of magic mapping.
  2558 | D:2      | Found a glowing silver altar of Zin.
  2558 | D:2      | Noticed Robin
  2559 | D:2      | 2559 ||| INVOKING Fiery Armour.
  2568 | D:2      | Killed Robin
  2570 | D:2      | 2570 ||| Stepping ~*~*~tactically~*~*~ (outnumbered).
  2571 | D:2      | 2571 ||| Stepping ~*~*~tactically~*~*~ (outnumbered).
  2574 | D:2      | Reached XP level 6. HP: 54/59 MP: 6/6
  2575 | D:2      | 2575 ||| Stepping ~*~*~tactically~*~*~ (outnumbered).
  2577 | D:2      | 2577 ||| Stepping ~*~*~tactically~*~*~ (outnumbered).
  2698 | D:2      | 2698 ||| Stepping ~*~*~tactically~*~*~ (stealth).
  2736 | D:2      | 2736 ||| DRINKING 2 black potions.
  2785 | D:4      | Reached skill level 7 in Unarmed Combat
  2904 | D:4      | Noticed Grinder
  2913 | D:4      | Killed Grinder
  2914 | D:4      | Reached skill level 8 in Unarmed Combat
  2914 | D:4      | Reached XP level 7. HP: 55/66 MP: 7/7
  3193 | D:4      | Found a transporter.
  3199 | D:4      | Noticed a fire bat
  3244 | D:4      | Reached skill level 3 in Fighting
  3291 | D:4      | Noticed Ijyb
  3298 | D:4      | Killed Ijyb
  3303 | D:4      | Found a transporter.
  3627 | D:4      | 3627 ||| UPGRADING to +4 ring of slaying {mikee}.
  3628 | D:4      | 3628 ||| DRINKING 2 fuming coppery potions.
  3629 | D:4      | 3629 ||| READING 4 scrolls of identify.
  3629 | D:4      | 3629 ||| IDENTIFYING smoky cyan potion
  3630 | D:4      | 3630 ||| READING 3 scrolls of identify.
  3630 | D:4      | 3630 ||| IDENTIFYING fuming clear potion
  3631 | D:4      | 3631 ||| READING 2 scrolls of identify.
  3631 | D:4      | 3631 ||| IDENTIFYING bubbling grey potion
  3632 | D:4      | 3632 ||| DROPPING potion of lignification.
  3633 | D:4      | 3633 ||| DROPPING potion of invisibility.
  3634 | D:4      | 3634 ||| DROPPING potion of magic.
  3659 | D:5      | Entered Level 5 of the Dungeon
  3665 | D:5      | 3665 ||| Stepping ~*~*~tactically~*~*~ (outnumbered).
  3666 | D:5      | 3666 ||| Stepping ~*~*~tactically~*~*~ (outnumbered).
  3756 | D:5      | Reached skill level 9 in Unarmed Combat
  3818 | D:5      | Found a shimmering altar of Xom.
  3818 | D:5      | Found a burning altar of Makhleb.
  3897 | D:5      | Reached skill level 1 in Dodging
  3941 | D:5      | Reached XP level 8. HP: 72/75 MP: 8/8
  4027 | D:5      | Noticed Sigmund
  4036 | D:5      | Killed Sigmund
  4228 | D:5      | Reached skill level 10 in Unarmed Combat
  4378 | D:5      | 4378 ||| READING scroll labelled PUUNEL MARUAKE.
  4379 | D:5      | 4379 ||| DRINKING 3 viscous white potions.
  4380 | D:5      | 4380 ||| DROPPING 2 potions of degeneration.
  4465 | D:6      | Found a staircase to the Ecumenical Temple.
  4624 | D:6      | Noticed a two-headed ogre
  4625 | D:6      | 4625 ||| Stepping ~*~*~tactically~*~*~ (stealth).
  4627 | D:6      | 4627 ||| Stepping ~*~*~tactically~*~*~ (stealth).
  4632 | D:6      | HP: 14/78 [two-headed ogre/+0 giant club (31)]
  4633 | D:6      | 4633 ||| INVOKING Fiery Armour.
  4634 | D:6      | Mangled by a two-headed ogre

Levels and vault maps discovered:
D:1:      roderic_crop_circles_arrival_small, layout_loops_cross
D:2:      minmay_spotlight, layout_basic, basic_altar, minmay_tall_x,
          uniq_robin, uniq_crazy_yiuf_cottage
D:3:      layout_loops_ring, ashenzari_conservatory_becter,
          ebering_ecumenical_altar_ruins, minmay_cut_off, uniq_natasha
D:4:      gammafunk_cloud_chamber, layout_cave_pods, uniq_ijyb, uniq_grinder
D:5:      layout_loops_ring, grunt_temple_overflow_champion_of_chaos,
          uniq_sigmund
D:6:      layout_gridville, temple_green

Skill      XL: |  1  2  3  4  5  6  7  8 |
---------------+-------------------------+-----
Unarmed Combat | 4 6 8 9 10 | 10.1
Throwing       | 1 2 |  2.0
Fighting       | 3 4 |  4.0
Dodging        | 1 |  1.2
Spellcasting   | |  1.0
Fire Magic     | |  2.1

Action                   |  1- 3 |  4- 6 |  7- 9 || total
-------------------------+-------+-------+-------++-------
Melee: Unarmed           |    77 |    89 |    91 ||   257
       Punch             |       |     2 |     3 ||     5
Throw: Javelin           |    12 |    18 |    18 ||    48
Invok: Fiery Armour      |       |     1 |     1 ||     2
  Use: Scroll            |     7 |     2 |     4 ||    13
       Potion            |     1 |     2 |     2 ||     5
Armor: Robe              |    22 |    34 |     8 ||    64
Dodge: Dodged            |    45 |    36 |    22 ||   103

Table legend:
 A = Non-vault XP
 B = Vault XP
 C = Vault XP percentage of total XP
 D = Non-vault monster count
 E = Vault monster count
 F = Vault count percentage of total count
                 A         B        C        D         E       F
            +---------+---------+-------+---------+---------+-------
      Total |    1538 |     692 |  31.0 |      96 |      26 |  21.3
            +---------+---------+-------+---------+---------+-------
        D:1 |      40 |       0 |   0.0 |      22 |       0 |   0.0
        D:2 |      80 |     108 |  57.4 |      20 |      20 |  50.0
        D:3 |     201 |       7 |   3.4 |      17 |       2 |  10.5
        D:4 |     259 |     313 |  54.7 |      10 |       2 |  16.7
        D:5 |     635 |     264 |  29.4 |      19 |       2 |   9.5
        D:6 |     323 |       0 |   0.0 |       8 |       0 |   0.0
            +---------+---------+-------+---------+---------+-------
